 Dungeon Sprint DCSS version 0.28.0-45-g0d030f2227 (webtiles) character file.

Game seed: 16115888442131177474

1519 Baz the Geomancer (level 8, -1/81 HPs)
             Began as a Gargoyle Earth Elementalist on Apr 5, 2022.
             Slain by a polar bear (8 damage)
             ... in the Dungeon (Sprint II: "The Violet Keep of Menkaure").
             The game lasted 00:03:21 (420 turns).

Baz the Geomancer (Gargoyle Earth Elementalist)      Turns: 420, Time: 00:03:21

Health: -1/81      AC:  7    Str: 11    XL:     8   Next: 84%
Magic:  4/20       EV: 13    Int: 19    God:
Gold:   486        SH:  0    Dex: 10    Spells: 13/23 levels left

rFire   . . .      SeeInvis .   (no weapon)
rCold   . . .      Faith    .   (no shield)
rNeg    + . .      Spirit   .   b - +0 robe
rPois   ∞          Reflect  .   (no helmet)
rElec   +          Harm     .   (no cloak)
rCorr   .          Rampage  .   (no gloves)
Will    .....      NoTele   +   (no boots)
Stlth   ..........              (no amulet)
HPRegen 0.23/turn               (no ring)
MPRegen 0.17/turn               (no ring)

@: berserking (expiring), hasted, very quick
A: sickness immunity, AC +5, negative energy resistance 1, electricity
resistance, torment resistance 1, petrification resistance
a: no special abilities


You were in the Dungeon.
You visited 1 branch You collected 486 gold pieces.

Inventory:

Armour
 b - a +0 robe (worn)
Scrolls
 h - a scroll of blinking
Potions
 c - a potion of curing


   Skills:
 + Level 7.7 Fighting
 - Level 4.2 Dodging
 - Level 6.0 Stealth
 + Level 8.2 Spellcasting
 + Level 6.1 Conjurations
 - Level 5.3 Transmutations
 * Level 13.7 Earth Magic


You had 13 spell levels left.
You knew the following spells:

 Your Spells              Type           Power      Damage    Failure   Level
a - Sandblast             Erth           100%       2d20      1%          1
b - Stone Arrow           Conj/Erth      90%        3d12      1%          3
c - Petrify               Tmut/Erth      44%        N/A       1%          4
d - Passwall              Tmut/Erth      36%        N/A       1%          2

Your spell library contained the following spells:

 Spells                   Type           Power      Damage    Failure   Level


Dungeon Overview and Level Annotations

Branches:
Dungeon (1/1)

Altars:
Cheibriados
Dithmenos
Elyvilon
Fedhas
Gozag
Hepliaklqana
Kikubaaqudgha
Makhleb
Nemelex Xobeh
Okawaru
Qazlal
Ru
Sif Muna
Trog
Uskayaw
Vehumet
Wu Jian
Xom
Yredelemnul
Zin
The Shining One
Beogh
Jiyva
Lugonu

Shops:
D (:[=*?*=!!


Innate Abilities, Weirdness & Mutations

You are immune to sickness and miasma.
Your stone body is resilient. (AC +5)
You are immune to poison.
You resist negative energy. (rN+)
You are resistant to electric shocks. (rElec)
You are resistant to unholy torment.
You are immune to petrification.


Message History

The yaktaur hits you!
You hit the yaktaur.
The yaktaur is heavily wounded.
The yaktaur hits you!
* * * LOW HITPOINT WARNING * * *
You punch the yaktaur!
The yaktaur is severely wounded.
You punch the yaktaur!
The yaktaur is almost dead.
The yaktaur hits you.
* * * LOW HITPOINT WARNING * * *
You punch the yaktaur!
You kill the yaktaur!
Your Spellcasting skill increases to level 8!
Your Conjurations skill increases to level 6!
You hit the polar bear.
The polar bear is moderately wounded.
You barely miss the polar bear.
The polar bear is moderately wounded.
The polar bear bites you.
* * * LOW HITPOINT WARNING * * *
The polar bear claws you but does no damage. x2
You barely miss the polar bear.
The polar bear is moderately wounded.
You hit the polar bear.
The polar bear is heavily wounded.
You hit the polar bear but do no damage.
The polar bear closely misses you. The polar bear barely misses you.
The polar bear claws you but does no damage.
The polar bear bites you!
* * * LOW HITPOINT WARNING * * *
The polar bear claws you but does no damage.
The polar bear misses you.
You barely miss the polar bear.
The polar bear is moderately wounded.
Unknown command.
You hit the polar bear but do no damage.
The polar bear is moderately wounded.
The polar bear bites you!
You die... #....# ...# ## ###..## #..# .# [?$ +###.##..# +^^# .# [[$ .##...#..# #..# .# (=($

<.†##.'..####..##.#▓[!)(
.##...#....###...##▓▓▓▓▓
'###.##......≈≈≈≈≈≈≈≈≈≈≈
#†####≈≈..§.§≈#h########
##.#≈≈≈§≈≈≈..≈#h@_.....#
#.##≈≈≈§≈≈≈≈.≈#._._....#
'##≈≈≈§≈≈§§≈≈≈#_._._...#
≈≈≈≈≈≈≈≈§≈§§≈≈#._._._..#
#+++#≈≈§§§§≈§÷#_._._._.#
°≈§ ##≈§§###≈§#._._._._#
§≈≈S≈ #≈≈#.._._._.#
§≈≈§≈ #≈≈#._._._..#
°≈°≈≈


You could see 2 polar bears.

Vanquished Creatures
  A yaktaur (D)
  A hornet (D)
  A polar bear (D)
  2 wyverns (D)
  Menkaure (D)
  A water moccasin (D)
  4 necrophages (D)
  A scorpion (D)
12 creatures vanquished.

Vanquished Creatures (others)
  A water moccasin (D)
1 creature vanquished.

Grand Total: 13 creatures vanquished

Notes
Turn   | Place    | Note
-------+----------+-------------------------------------------
     0 | D        | Baz the Gargoyle Earth Elementalist began the quest for the
                  | Orb.
     0 | D        | Reached XP level 1. HP: 10/10 MP: 3/3
     1 | D        | Noticed a necrophage
     1 | D        | Noticed a necrophage
     1 | D        | Noticed a necrophage
     1 | D        | Noticed a necrophage
     4 | D        | Killed a necrophage
     5 | D        | Reached skill level 5 in Earth Magic
     5 | D        | Reached XP level 2. HP: 13/15 MP: 0/6
     5 | D        | Reached XP level 3. HP: 17/19 MP: 0/8
     5 | D        | Reached XP level 4. HP: 21/24 MP: 0/9
     7 | D        | Killed a necrophage
     8 | D        | Reached skill level 6 in Earth Magic
     8 | D        | Reached XP level 5. HP: 22/28 MP: 8/12
    10 | D        | Killed a necrophage
    11 | D        | Reached skill level 5 in Spellcasting
    11 | D        | Reached skill level 8 in Earth Magic
    11 | D        | Reached XP level 6. HP: 23/36 MP: 5/14
    13 | D        | Killed a necrophage
    14 | D        | Reached skill level 9 in Earth Magic
    16 | D        | Noticed Menkaure
    20 | D        | Killed Menkaure
    21 | D        | Reached skill level 5 in Transmutations
    21 | D        | Reached skill level 10 in Earth Magic
    21 | D        | Reached XP level 7. HP: 24/44 MP: 12/16
    25 | D        | Learned a level 3 spell: Stone Arrow
    30 | D        | Learned a level 4 spell: Petrify
    33 | D        | Learned a level 2 spell: Passwall
   161 | D        | Noticed a neqoxec
   165 | D        | Noticed a boulder beetle
   165 | D        | Noticed a boulder beetle
   169 | D        | Noticed a wyvern
   169 | D        | Noticed a wyvern
   171 | D        | Killed a wyvern
   172 | D        | Reached skill level 5 in Fighting
   176 | D        | Killed a wyvern
   177 | D        | Reached skill level 11 in Earth Magic
   299 | D        | Found Netoget's General Store.
   300 | D        | Found Oban's Assorted Antiques.
   300 | D        | Found Ikayptoo's Magic Scroll Boutique.
   301 | D        | Found Nosajo's Jewellery Boutique.
   301 | D        | Found Udghicin's Distillery.
   301 | D        | Found Sagemmiu's Antique Armour Shop.
   324 | D        | Found Gyismeex's Book Shop.
   324 | D        | Found Wechuddo's Jewellery Boutique.
   324 | D        | Found Neturph's Antique Weapon Boutique.
   325 | D        | Found Qunoatiask's Distillery.
   328 | D        | Noticed a wyvern
   334 | D        | Reached skill level 12 in Earth Magic
   334 | D        | Reached XP level 8. HP: 47/52 MP: 13/18
   359 | D        | Noticed a flying skull
   360 | D        | Noticed a flying skull
   360 | D        | Noticed a flying skull
   361 | D        | Noticed a flying skull
   361 | D        | Noticed a flying skull
   362 | D        | Noticed a flying skull
   362 | D        | Noticed a flying skull
   363 | D        | Noticed a flying skull
   364 | D        | Noticed a flying skull
   364 | D        | Noticed a flying skull
   365 | D        | Noticed a flying skull
   365 | D        | Noticed a flying skull
   374 | D        | Found an iron altar of Okawaru.
   374 | D        | Found a radiant altar of Vehumet.
   381 | D        | Found a glowing silver altar of Zin.
   382 | D        | Found a sparkling altar of Nemelex Xobeh.
   382 | D        | Found a hide-covered altar of Uskayaw.
   383 | D        | Found an opulent altar of Gozag.
   383 | D        | Found a burning altar of Makhleb.
   383 | D        | Found a bloodstained altar of Trog.
   383 | D        | Found a basalt altar of Yredelemnul.
   384 | D        | Found a blossoming altar of Fedhas.
   384 | D        | Found a corrupted altar of Lugonu.
   384 | D        | Found a shimmering blue altar of Sif Muna.
   385 | D        | Found a white marble altar of Elyvilon.
   385 | D        | Found an ancient bone altar of Kikubaaqudgha.
   386 | D        | Found a shadowy altar of Dithmenos.
   386 | D        | Found a viscous altar of Jiyva.
   387 | D        | Found a snail-covered altar of Cheibriados.
   389 | D        | Noticed a polar bear
   391 | D        | Found a shimmering altar of Xom.
   391 | D        | Found a sacrificial altar of Ru.
   391 | D        | Found a hazy altar of Hepliaklqana.
   391 | D        | Noticed a hornet
   391 | D        | Noticed a polar bear
   392 | D        | Noticed a yaktaur
   395 | D        | Killed a polar bear
   396 | D        | Noticed a polar bear
   397 | D        | Found a glowing golden altar of the Shining One.
   397 | D        | Found an ornate altar of the Wu Jian Council.
   397 | D        | Found a stormy altar of Qazlal.
   402 | D        | Killed a hornet
   403 | D        | Reached skill level 5 in Conjurations
   403 | D        | Reached skill level 13 in Earth Magic
   413 | D        | Killed a yaktaur
   420 | D        | Slain by a polar bear

Illustrated notes

Levels and vault maps discovered:
D:        the_violet_keep_of_menkaure [sprint2_stairs_cluster_1,
          sprint2_shoproom, sprint2_temple, sprint2_basic_supplies,
          sprint2_obstacle_5, sprint2_obstacle_3, sprint2_obstacle_1,
          sprint2_obstacle_2, sprint2_obstacle_7, sprint2_timed_cluster_1,
          sprint2_smallroom_cluster_1, sprint2_smallroom_final_cluster_1,
          sprint2_transparent_cluster_1, sprint2_second_timed_cluster_1,
          sprint2_sniper_area_1, sprint2_heavy_combat_area_1,
          sprint2_mutation_trap_area_1, sprint2_forest_area_1,
          sprint2_light_combat_area_1, sprint2_behind_water_1,
          sprint2_near_end_vault_1]

Skill      XL: |  1  2  3  4  5  6  7  8 |
---------------+-------------------------+-----
Dodging        | 3 4 |  4.2
Stealth        | 4 6 |  6.0
Spellcasting   | 3 4 5 6 7 8 |  8.2
Transmutations | 3 4 5 |  5.3
Earth Magic    | 5 6 8 10 12 13 | 13.7
Fighting       | 2 4 6 7 |  7.7
Conjurations   | 4 6 |  6.1

Action                   |  1- 3 |  4- 6 |  7- 9 || total
-------------------------+-------+-------+-------++-------
Melee: Unarmed           |       |       |    16 ||    16
       Punch             |       |       |     1 ||     1
 Cast: Sandblast         |     3 |    10 |    17 ||    30
       Stone Arrow       |       |       |     4 ||     4
  Use: Potion            |       |     2 |     3 ||     5
Armor: Robe              |       |       |     8 ||     8
Dodge: Dodged            |       |     2 |    11 ||    13
